 Dungeon Crawl Stone Soup version 0.29.1-4-g47bece8355 (webtiles) character file.

Game seed: 16202824160785642249

44 DoIIoM the Caller (level 3, -1/21 HPs)
             Began as an Octopode Summoner on Dec 2, 2022.
             Succumbed to an adder's poison
             ... on level 2 of the Dungeon.
             The game lasted 00:02:22 (1663 turns).

DoIIoM the Caller (Octopode Summoner)               Turns: 1663, Time: 00:02:23

Health: -1/21      AC:  1    Str:  7    XL:     3   Next: 62%
Magic:  5/7        EV: 13    Int: 19    God:
Gold:   63         SH:  0    Dex: 12    Spells: 4/7 levels left

rFire   . . .      SeeInvis .   c - +0 dagger
rCold   . . .      Faith    .   (no shield)
rNeg    . . .      Spirit   .   (helmet restricted)
rPois   .          Reflect  .   (no amulet)
rElec   .          Harm     .   i - ring of willpower
rCorr   .          Rampage  .   (no ring)
Will    +....                   (no ring)
Stlth   +++.......              (no ring)
HPRegen 0.07/turn               (no ring)
MPRegen 0.10/turn               (no ring)
                                (no ring)
                                (no ring)

@: lethally poisoned (-1 -> -9), flying
A: almost no armour, amphibious, 8 rings, camouflage 1, gelatinous body 1,
(nimble swimmer 1), tentacles
a: no special abilities


You were on level 2 of the Dungeon.
You visited 1 branch of the dungeon, and saw 2 of its levels.

You collected 63 gold pieces.

Inventory:

Hand Weapons
 c - a +0 dagger (weapon)
Jewellery
 i - a ring of willpower (left tentacle)
Scrolls
 b - a scroll of enchant armour {unknown}
 d - a scroll of silence {unknown}
 e - a scroll of vulnerability {unknown}
 f - a scroll of identify {unknown}
Potions
 a - a potion of magic
 h - a potion of might {unknown}


   Skills:
 - Level 2.0 Dodging
 + Level 3.7 Stealth
 + Level 2.6 Spellcasting
 + Level 4.4 Summonings


You had 4 spell levels left.
You knew the following spells:

 Your Spells              Type           Power      Damage    Failure   Level
a - Summon Small Mammal   Summ           76%        N/A       2%          1
b - Call Imp              Summ           19%        N/A       3%          2

Your spell library contained the following spells:

 Spells                   Type           Power      Damage    Failure   Level
 Call Canine Familiar     Summ           19%        N/A       8%          3
 Summon Guardian Golem    Hex/Summ       11%        N/A       19%         3
 Summon Lightning Spire   Summ/Air       11%        N/A       54%         4


Dungeon Overview and Level Annotations

Branches:
Dungeon (2/15)

Altars:


Innate Abilities, Weirdness & Mutations

You cannot wear most types of armour.
You are amphibious.
You can wear up to eight rings at the same time.
Your skin changes colour to match your surroundings (Stealth+).
Your rubbery body absorbs attacks. (AC +1, EV +1)
((You are camouflaged when in or above water. (Stealth+)))
You have tentacles for arms and can constrict up to eight enemies at once.


Message History

You hit the endoplasm.
The endoplasm is moderately wounded.
The endoplasm closely misses you.
You hit the endoplasm. You tentacle-slap the endoplasm.
You kill the endoplasm!
No target in view!
Magic restored.
You see here a quokka corpse.
The adder hisses angrily.
You hit the adder but do no damage. Your grab misses the adder.
The adder bites you. x2
You hit the adder. Your grab misses the adder. You squeeze the adder.
The adder is severely wounded.
The adder closely misses you.
You closely miss the adder. Your grab misses the adder.
The adder is severely wounded.
The adder bites you.
You are poisoned.
The adder poisons you!
You barely miss the adder. Your grab misses the adder.
Your squeeze misses the adder.
The adder is severely wounded.
You feel sick. The adder closely misses you. The adder barely misses you.
Casting: Call Imp (safe; 3% risk of failure)
Confirm with . or Enter, or press ? or * to list all spells.
A beastly little devil appears in a puff of flame.
You feel sick. The adder misses you.
Unknown command.
The adder attacks as you move away! The adder bites you.
You feel sick. The adder attacks as you move away! The adder bites you.
* * * LOW HITPOINT WARNING * * *
You are more poisoned.
The adder poisons you!
* * * LOW HITPOINT WARNING * * *
You feel very sick.
Unknown command.
It was a potion of flight.
You feel very buoyant.
You fly up into the air.
You die...

#.# #.. .. #.# . . #.#
.. . #.#g# #..#.##
#.#.# #...#. #5#.#
..... #S#.# .
###.#..### #@#.# #.#
#........####...# #..#
....####...##.#.####..#
. ###.†.....##..#
##.#.#$....##
#...##.#...#
#...##.#.#.#
#...##...#.#
#.#.###..#.####


You could see an adder (ally target) and a friendly crimson imp (summoned).

Vanquished Creatures
  A dart slug (D:1)
  A bat (D:1)
  3 endoplasms
  2 giant cockroaches
  4 goblins (D:1)
  4 hobgoblins (D:1)
  3 jackals (D:1)
  3 quokkas
  6 ball pythons
  A frilled lizard (D:1)
  3 kobolds (D:1)
  5 rats (D:1)
36 creatures vanquished.

Vanquished Creatures (collateral kills)
  An endoplasm (D:1)
  A goblin (D:1)
  A rat (D:1)
3 creatures vanquished.

Grand Total: 39 creatures vanquished

Notes
Turn   | Place    | Note
-------+----------+-------------------------------------------
     0 | D:1      | DoIIoM the Octopode Summoner began the quest for the Orb.
     0 | D:1      | Reached XP level 1. HP: 11/11 MP: 3/3
   240 | D:1      | Reached XP level 2. HP: 17/17 MP: 5/5
   988 | D:1      | Learned a level 2 spell: Call Imp
   999 | D:1      | Reached XP level 3. HP: 21/21 MP: 6/6
  1006 | D:1      | Found a faded altar of an unknown god.
  1662 | D:2      | HP: 1/21 [poisoned by an adder]
  1663 | D:2      | Succumbed to an adder's poison

Illustrated notes

Levels and vault maps discovered:
D:1:      dpeg_arrival_pits, layout_loops_ring,
          hellmonk_ecumenical_altar_pennies_from_heaven, hex_tiny,
          dk_noncrumbling_3, minmay_pentomino_r2
D:2:      layout_rooms, ebering_dispersal_statue_hall, corexii_shack,
          mrwooster_statue_mirror, nrook_mini_vaults, uniq_robin, uniq_natasha,
          uniq_crazy_yiuf_cottage, uniq_sigmund

Skill      XL: |  1 |
---------------+----+-----
Stealth        | 3 |  3.7
Dodging        | |  2.0
Spellcasting   | |  2.6
Summonings     | |  4.4

Action                   || total
-------------------------++-------
Melee: Dagger            ||    70
       Unarmed           ||     7
       Tentacles         ||    19
       Constrict         ||    18
       Punch             ||     2
 Cast: Summon Small Mamm ||     1
       Call Imp          ||     3
  Use: Potion            ||     1
 Stab: Sleeping          ||     8
Armor: Skin              ||     5
Dodge: Dodged            ||    47
